Map: 暮色之塔

Players

shengy

  • Race: Zerg Zerg
  • League: Gold

Teancum - Winner!

  • Race: Protoss Protoss
  • League: Platinum

VOD

Have the link to the VOD?

Description

Time

  • Played on: Dec. 5, 2015, 11:32 p.m.
  • Length: 16:39
Show
View Real Time Build Order
Export as new Build Order

shengy Zerg 

Build Orders: 3 Hatch before Pool, Lurkers 

Get SALT Encoding   

  12  0:01  Drone  
  13  0:08  Drone  
  14  0:18  Overlord  
  14  0:36  Drone x3  
  17  0:51  Drone  
  18  0:57  Hatchery  
  18  1:01  Drone  
  18  1:10  Drone  
  20  1:25  Drone  
  20  1:27  Hatchery  
  19  1:33  Overlord  
  19  1:40  Extractor  
  18  1:47  Spawning Pool  
  18  1:50  Drone  
  18  1:53  Drone  
  19  2:02  Drone  
  20  2:09  Drone  
  20  2:13  Drone  
  22  2:24  Drone x2  
  24  2:31  Overlord  
  24  2:34  Drone  
  25  2:38  Queen  
  25  2:39  Queen  
  25  2:43  Drone  
  30  2:50  Queen  
  31  2:53  Drone  
  31  2:55  Drone  
  31  2:57  Drone  
  34  3:01  Drone  
  34  3:04  Drone  
  36  3:06  Drone  
  36  3:09  Drone  
  36  3:10  Drone  
  39  3:13  Drone  
  39  3:15  Drone  
  41  3:22  Queen  
  41  3:24  Drone  
  41  3:25  Zergling x2  
  45  3:34  Overlord  
  45  3:36  Drone x3  
  45  3:41  Lair  
  48  3:45  Extractor  
  48  3:46  Extractor  
  48  3:48  Queen  
  46  3:55  Drone  
  49  3:56  Drone x4  
  49  3:57  Drone  
  49  3:58  Drone  
  55  4:07  Drone x2  
  57  4:20  Drone, Roach Warren  
  57  4:21  Evolution Chamber, Drone  
  57  4:22  Overlord x2  
  57  4:29  Drone  
  57  4:31  Overlord  
  58  4:32  Evolution Chamber  
  58  4:37  Drone  
  58  4:40  Drone x3  
  58  4:41  Drone  
  58  4:45  Overseer  
  62  4:51  Metabolic Boost  
  62  4:53  Drone x5  
  62  4:54  Drone x3  
  69  5:04  Drone x3  
  69  5:05  Hydralisk Den  
  71  5:08  Spore Crawler  
  71  5:10  Spore Crawler  
  71  5:12  Spore Crawler  
  68  5:20  Spore Crawler  
  68  5:21  Spore Crawler, Drone x5  
  70  5:22  Spore Crawler  
  70  5:25  Extractor  
  69  5:29  Spore Crawler  
  69  5:32  Spore Crawler  
  69  5:34  Zerg Missile Weapons Level 1, Zerg Ground Armor Level 1  
  69  5:35  Overlord  
  67  5:36  Drone x3  
  67  5:39  Drone x3  
  73  5:45  Drone x4  
  73  5:46  Drone x4  
  81  5:54  Drone x3  
  81  5:55  Drone  
  81  5:57  Drone  
  86  6:01  Extractor, Drone  
  86  6:02  Overseer  
  86  6:17  Overlord  
  86  6:18  Overlord x5  
  86  6:29  Overlord x3  
  86  6:31  Hatchery  
  85  6:34  Muscular Augments  
  85  6:38  Hatchery, Extractor  
  85  6:39  Overseer  
  83  6:40  Overseer, Extractor  
  83  6:43  Extractor  
  81  6:58  Overseer  
  81  7:04  Overlord  
  81  7:05  Hydralisk x5  
  81  7:06  Hydralisk x6  
  103  7:10  Spire  
  103  7:14  Infestation Pit  
  101  7:37  Overlord x2  
  101  7:40  Zerg Ground Armor Level 2, Zerg Missile Weapons Level 2  
  101  7:41  Glial Reconstitution  
  101  8:31  Overlord x2  
  101  8:39  Hydralisk  
  101  8:40  Hydralisk x2  
  101  8:41  Hydralisk x10  
  107  8:42  Hydralisk x7  
  141  9:00  Hatchery  
  141  9:01  Extractor  
  139  9:05  Drone x2  
  139  9:06  Drone x3  
  139  9:07  Drone  
  145  9:12  Lurker Den  
  145  9:16  Hive  
  145  9:20  Zerg Flyer Armor Level 1  
  145  9:21  Zergling x2  
  145  9:23  Zergling x20  
  145  9:24  Zergling x12  
  136  10:13  Hydralisk  
  111  10:14  Hydralisk x4  
  111  10:15  Hydralisk x9  
  111  10:16  Hydralisk x5  
  120  10:43  Drone x2  
  114  10:59  Mutalisk  
  114  11:00  Mutalisk x6  
  124  11:05  Spore Crawler  
  124  11:06  Spore Crawler  
  124  11:09  Hatchery  
  121  11:14  Drone  
  123  11:23  Mutalisk x4  
  128  11:44  Spore Crawler  
  128  11:45  Extractor  
  128  11:46  Spore Crawler  
  125  11:50  Hydralisk x2  
  125  12:00  Zergling x2  
  124  12:02  Zergling x18  
  124  12:03  Zergling x20  
  124  12:04  Zergling x18  
  124  12:07  Lurker x2  
  136  12:24  Overlord x2  
  136  12:25  Mutalisk  
  136  12:26  Mutalisk x4  
  136  12:27  Mutalisk x5  
  156  12:40  Ultralisk Cavern  
  156  12:41  Drone x3  
  156  12:42  Overlord x4  
  156  12:43  Overlord x2  
  157  13:14  Lurker  
  157  13:15  Lurker x4  
  162  13:26  Viper  
  162  13:27  Hatchery  
  162  13:29  Extractor x2  
  162  13:31  Drone  
  162  13:32  Drone x2  
  162  13:33  Drone x3  
  168  13:47  Overseer x2  
  168  13:48  Overseer x2  
  168  14:16  Chitinous Plating  
  168  14:18  Ultralisk  
  168  14:21  Ultralisk  
  180  14:38  Ultralisk  
  186  14:58  Viper x2  
  186  14:59  Viper  
  193  15:44  Hatchery, Extractor  
  193  15:46  Extractor  
Show
View Real Time Build Order
Export as new Build Order

Teancum Protoss - Winner!

Build Orders:  

Get SALT Encoding   

  12  0:01  Probe (Chrono Boost)  
  13  0:12  Probe (Chrono Boost)  
  14  0:20  Pylon  
  14  0:23  Probe (Chrono Boost)  
  15  0:38  Probe (Chrono Boost)  
  16  0:49  Probe (Chrono Boost)  
  17  0:55  Gateway  
  17  0:57  Assimilator  
  17  0:59  Probe (Chrono Boost)  
  18  1:07  Pylon  
  19  1:11  Probe (Chrono Boost)  
  19  1:23  Probe (Chrono Boost)  
  20  1:27  Assimilator  
  20  1:31  Forge  
  20  1:36  Probe (Chrono Boost)  
  21  1:44  Cybernetics Core  
  21  1:49  Probe (Chrono Boost)  
  22  1:55  Pylon  
  22  2:12  Photon Cannon  
  22  2:17  Photon Cannon, Probe (Chrono Boost)  
  23  2:27  Stargate  
  23  2:40  Warp Gate  
  23  2:55  Nexus  
  23  3:02  Stalker (Chrono Boost)  
  25  3:18  Void Ray (Chrono Boost)  
  29  3:24  Probe  
  30  3:33  Photon Cannon  
  30  3:38  Probe  
  31  3:43  Assimilator  
  31  3:49  Assimilator  
  31  3:51  Probe  
  32  4:09  Void Ray (Chrono Boost)  
  36  4:10  Probe  
  37  4:18  Probe  
  37  4:20  Probe  
  39  4:30  Probe  
  40  4:32  Twilight Council, Probe  
  41  4:42  Probe  
  42  4:46  Void Ray (Chrono Boost)  
  42  4:48  Probe  
  47  4:54  Probe  
  47  4:59  Probe  
  48  5:06  Probe  
  50  5:09  Probe  
  50  5:10  Blink  
  50  5:11  Stalker  
  53  5:20  Probe  
  53  5:22  Templar Archives  
  53  5:25  Pylon  
  54  5:38  Protoss Air Weapons Level 1  
  54  5:41  Probe  
  54  5:43  Probe  
  56  5:51  Void Ray (Chrono Boost)  
  56  5:52  Pylon, Probe  
  56  5:55  Pylon, Probe  
  62  6:02  Protoss Ground Weapons Level 1 (Chrono Boost)  
  62  6:10  Probe  
  63  6:16  Nexus  
  63  6:23  Probe  
  63  6:25  Pylon  
  64  6:26  Stalker  
  64  6:27  Void Ray  
  66  6:35  Probe  
  71  6:43  Assimilator  
  71  6:48  Assimilator  
  71  6:50  Stalker  
  73  6:57  Gateway x2  
  73  7:01  Gateway  
  73  7:03  Probe  
  73  7:04  Void Ray, Probe  
  79  7:17  Probe  
  79  7:18  Probe  
  81  7:27  Probe  
  81  7:29  Mothership Core  
  84  7:30  Probe  
  84  7:36  Stalker  
  87  7:42  Probe  
  87  7:44  Probe  
  88  7:50  Void Ray, Probe  
  90  7:54  Probe  
  95  7:59  High Templar x2  
  95  8:00  Protoss Shields Level 1 (Chrono Boost), High Templar  
  101  8:05  Pylon  
  101  8:07  Pylon  
  101  8:11  Pylon  
  101  8:19  Forge  
  101  8:22  Probe  
  101  8:23  Probe x2  
  101  8:25  High Templar  
  106  8:27  Archon  
  106  8:31  Void Ray  
  107  8:34  Probe  
  107  8:35  Probe, Protoss Air Armor Level 1 (Chrono Boost)  
  112  8:44  High Templar x2  
  116  8:49  Archon x2  
  116  8:51  Stalker  
  118  8:59  Zealot  
  118  9:02  Charge  
  120  9:08  Void Ray  
  120  9:14  Pylon  
  124  9:19  Pylon  
  124  9:21  Pylon  
  124  9:23  Photon Cannon  
  124  9:25  Photon Cannon  
  124  9:28  Photon Cannon  
  124  9:34  Photon Cannon  
  124  9:38  Zealot x4  
  102  10:19  Void Ray  
  92  10:27  Stalker x4  
  84  11:05  Void Ray  
  88  11:13  High Templar x2  
  88  11:14  High Templar x2  
  88  11:16  Protoss Ground Armor Level 1 (Chrono Boost)  
  88  11:17  Protoss Shields Level 2 (Chrono Boost)  
  88  11:41  Stargate  
  88  11:42  Archon x2  
  88  11:54  High Templar x4  
  88  11:59  Void Ray  
  96  12:02  Archon  
  96  12:03  Archon  
  96  12:05  Pylon  
  96  12:07  Pylon  
  95  12:27  Void Ray  
  99  12:36  Void Ray, High Templar x3  
  99  12:37  High Templar  
  107  12:41  Archon x2  
  111  12:54  Nexus  
  111  12:56  Assimilator  
  111  13:01  Assimilator  
  111  13:02  Robotics Facility  
  111  13:09  Void Ray  
  115  13:13  Void Ray  
  115  13:15  Zealot x3  
  115  13:16  Zealot  
  127  13:21  Protoss Ground Armor Level 2 (Chrono Boost)  
  127  13:24  Protoss Shields Level 3 (Chrono Boost)  
  127  13:36  Gateway x2  
  127  13:42  Gateway  
  127  13:50  Void Ray  
  127  13:52  Void Ray  
  127  13:55  Zealot x2  
  133  13:56  Zealot  
  133  13:59  Zealot  
  143  14:12  Probe  
  144  14:23  Probe, Zealot x2  
  144  14:24  Zealot  
  150  14:31  Void Ray  
  151  14:33  Observer, Probe  
  151  14:37  Void Ray, Robotics Bay  
  161  14:43  Zealot  
  161  14:44  Zealot x5  
  161  14:55  Observer  
  162  15:04  Zealot x2  
  162  15:05  Zealot x2  
  170  15:12  Zealot  
  172  15:21  Pylon  
  172  15:22  Pylon  
  172  15:25  Pylon  
  172  15:28  Photon Cannon  
  172  15:33  Photon Cannon  
  172  15:34  Void Ray  
  172  15:36  Photon Cannon  
  172  15:38  Photon Cannon, Void Ray  
  172  15:39  Observer  
  172  15:42  Photon Cannon  
  181  15:43  Photon Cannon  
  147  16:28  Zealot x5  
  147  16:29  Zealot  
Tags
 
Add a new tag
Caveats
  • Supply blocks, unpowered buildings, or Contaminate may cause inaccurate times.
  • Supply counts are checked every 10 seconds.